 Dungeon Crawl Stone Soup version 0.27.1-33-g824d729ab1 (webtiles) character file.

Game seed: 2394128892738288418

581 belegose the Ducker (level 7, -1/50 HPs)
             Began as a Djinni Earth Elementalist on Dec 3, 2021.
             Slain by an elf skeleton (5 damage)
             ... on level 5 of the Dungeon.
             The game lasted 00:13:31 (6035 turns).

belegose the Ducker (Djinni Earth Elementalist)     Turns: 6035, Time: 00:13:31

Health: -1/50      AC:  3    Str:  9    XL:     7   Next: 63%
Gold:   168        EV: 13    Int: 17    God:
                   SH:  5    Dex: 13

rFire    + + .     SeeInvis .   b - +0 mace
rCold    x . .     Faith    .   (no shield)
rNeg     . . .     Spirit   .   p - +0 robe
rPois    ∞         Reflect  +   k - +1 hat
rElec    .         Harm     .   (no cloak)
rCorr    .         Rampage  .   (no gloves)
Will     .....                  (boots unavailable)
Stlth    ++........             q - amulet of reflection
HPRegen  0.16/turn              (no ring)
MPRegen  0.00/turn              (no ring)

@: flying
A: sickness immunity, fire resistance 2, cold vulnerability 1, float, innate
caster, hp casting, extra vitality 1
a: no special abilities


You were on level 5 of the Dungeon.
You visited 1 branch of the dungeon, and saw 5 of its levels.

You collected 181 gold pieces.
You spent 13 gold pieces at shops.

Inventory:

Hand Weapons
 a - a +0 dagger of venom
 b - a +0 mace (weapon)
Missiles
 c - 95 stones (quivered)
 d - a throwing net
Armour
 k - a +1 hat (worn)
 p - a +0 robe (worn)
Magical Staves
 h - a staff of air
Jewellery
 o - a ring of see invisible
 q - an amulet of reflection (around neck)
 s - a ring of resist corrosion
Wands
 n - a wand of charming (5)
Scrolls
 e - 3 scrolls of fear {unknown}
 g - 4 scrolls of identify {unknown}
 j - 2 scrolls of teleportation {unknown}
Potions
 f - a potion of ambrosia {unknown}
 i - a potion of mutation {unknown}
 l - a potion of flight {unknown}
 m - a potion of haste {unknown}
 r - a potion of brilliance {unknown}


   Skills:
 + Level 3.2 Fighting
 + Level 2.7 Short Blades
 + Level 4.0 Dodging
 + Level 3.5 Stealth
 + Level 3.6 Spellcasting


You couldn't memorise any spells.
You knew the following spells:

 Your Spells              Type           Power      Damage    Failure   Level
a - Sandblast             Erth           30%        2d9       3%          1
b - Passwall              Tmut/Erth      12%        N/A       5%          2
c - Stone Arrow           Conj/Erth      30%        3d8       11%         3
d - Petrify               Tmut/Erth      15%        N/A       36%         4
e - Animate Skeleton      Necr           30%        N/A       3%          1
f - Corpse Rot            Necr/Air       N/A        N/A       5%          2
g - Searing Ray           Conj           30%        3d4       5%          2
Your spell library was empty.

Dungeon Overview and Level Annotations

Branches:
Dungeon (5/15)
 Temple: D:4-7

Altars:
Dithmenos
Fedhas

Shops:
D:1 !


Innate Abilities, Weirdness & Mutations

You are immune to sickness and miasma.
You are immune to poison.
Your flesh is very heat resistant. (rF++)
You are vulnerable to cold. (rC-)
You float through the air rather than walking.
You learn spells naturally, not from books.
Your magical power is your life essence.
You have superior vitality. (+4 HP)


Message History

Confirm with . or Enter, or press ? or * to list all spells.
Aiming: Stone Arrow (dangerous; 12% risk of failure)
Press: ? - help, Shift-Dir - straight line, f/p - human zombie
Aim: a human zombie (almost destroyed, 77% to hit)
The stone arrow hits the human zombie!
You destroy the human zombie!
* * * LOW HITPOINT WARNING * * *
Your magical contamination has completely faded away.
Your Dodging skill increases to level 4!
Unknown command.
Unknown command.
You reach down and open the door.
There is an open door here.
You reach down and open the door.
You reach down and open the door.
An elf skeleton comes into view.
There is an open door here.
You hit the elf skeleton.
The elf skeleton is lightly damaged.
You block the elf skeleton's attack.
You hit the elf skeleton.
The elf skeleton is lightly damaged.
You block the elf skeleton's attack.
You hit the elf skeleton.
The elf skeleton is lightly damaged.
The elf skeleton completely misses you.
You closely miss the elf skeleton.
The elf skeleton is lightly damaged.
The elf skeleton hits you but does no damage.
You hit the elf skeleton.
The elf skeleton is moderately damaged.
The elf skeleton misses you. The elf skeleton hits you.
* * * LOW HITPOINT WARNING * * *
You barely miss the elf skeleton.
The elf skeleton is moderately damaged.
The elf skeleton hits you but does no damage.
You hit the elf skeleton but do no damage.
The elf skeleton is moderately damaged.
The elf skeleton hits you.
You die...

#........#..##.....#....#.
#.......#########..#....#.
#...<...# #..#....#.
.........#+#+#+#
#..'....#.
..........#.'...+
####....#.
...######'###...#
#.......#. .. +..#.'...+
#.......#. #..###'#+#
#.......#$ ##.'@Z.#
#.......#. #######
###.....# #.....# #.....#
#.....# #.....# ##.....##
#....#### #....# #


You could see an elf skeleton.

Vanquished Creatures
  A phantom (D:5)
  Blork the orc (D:5)
  2 scorpions
  A human zombie (D:5)
  A jelly (D:3)
  A bullfrog skeleton (D:4)
  Ijyb (D:3)
  An iguana (D:4)
  2 orc wizards
  3 gnolls (D:2)
  An adder (D:2)
  3 worms
  A dart slug (D:1)
  15 orcs
  3 ball pythons
  6 endoplasms
  2 giant cockroaches (D:2)
  7 goblins
  5 hobgoblins
  7 jackals
  A quokka (D:2)
  5 bats
  3 frilled lizards
  2 kobolds
  6 rats
81 creatures vanquished.

Vanquished Creatures (others)
  A fungus (D:4)
  2 plants (D:4)
3 creatures vanquished.

Grand Total: 84 creatures vanquished

Notes
Turn   | Place    | Note
-------+----------+-------------------------------------------
     0 | D:1      | belegose the Djinni Earth Elementalist began the quest for
                  | the Orb.
     0 | D:1      | Reached XP level 1. HP: 15/15 MP: 0/0
   533 | D:1      | Reached XP level 2. HP: 22/22 MP: 0/0
   557 | D:1      | Found Hirefoxopn's Distillery.
   565 | D:1      | Bought a potion of degeneration for 13 gold pieces
   907 | D:1      | Found a faded altar of an unknown god.
  1156 | D:1      | Reached skill level 1 in Fighting
  1448 | D:2      | Reached XP level 3. HP: 26/27 MP: 0/0
  1448 | D:2      | Learned a level 1 spell: Animate Skeleton
  2232 | D:2      | Reached skill level 1 in Short Blades
  2232 | D:2      | Reached XP level 4. HP: 19/32 MP: 0/0
  3090 | D:3      | Reached XP level 5. HP: 36/38 MP: 0/0
  3090 | D:3      | Learned a level 2 spell: Corpse Rot
  3208 | D:3      | Noticed Ijyb
  3238 | D:3      | Killed Ijyb
  4372 | D:3      | Reached skill level 3 in Dodging
  4536 | D:4      | Found a blossoming altar of Fedhas.
  4649 | D:4      | Reached XP level 6. HP: 34/43 MP: 0/0
  5544 | D:5      | Entered Level 5 of the Dungeon
  5584 | D:5      | Noticed Blork the orc
  5596 | D:5      | Killed Blork the orc
  5597 | D:5      | Reached XP level 7. HP: 32/49 MP: 0/0
  5597 | D:5      | Learned a level 2 spell: Searing Ray
  5800 | D:5      | Found a shadowy altar of Dithmenos.
  6016 | D:5      | Reached skill level 4 in Dodging
  6035 | D:5      | Slain by an elf skeleton

Illustrated notes

Levels and vault maps discovered:
D:1:      doesnt_arrival_eight_statues, layout_basic, serial_shops,
          nicolae_diamond_shop, dilly_ecumenical_altar_fadedgnrine,
          kennysheep_flooded_box
D:2:      layout_basic
D:3:      layout_loops_ring, uniq_ijyb
D:4:      layout_gridville, fedhas_altar_3
D:5:      layout_gridville, nicolae_dithmenos_shadow_blocks,
          mainiacjoe_overflow_paths, nicolae_ossuary_entry_catacombs,
          corexii_checkpoint_a, feat_on_display, uniq_blork_the_orc

Skill      XL: |  1  2  3  4  5  6  7 |
---------------+----------------------+-----
Stealth        | 2 3 |  3.5
Fighting       | 1 2 3 |  3.2
Short Blades   | 1 2 |  2.7
Spellcasting   | 3 |  3.6
Dodging        | 3 4 |  4.0

Action                   |  1- 3 |  4- 6 |  7- 9 || total
-------------------------+-------+-------+-------++-------
Melee: Dagger            |   110 |   144 |    17 ||   271
       Mace              |       |       |    11 ||    11
 Cast: Sandblast         |     5 |    18 |     9 ||    32
       Stone Arrow       |       |     3 |     9 ||    12
 Stab: Sleeping          |     3 |     3 |     1 ||     7
Armor: Robe              |    21 |    12 |     8 ||    41
Dodge: Dodged            |    74 |    69 |    11 ||   154
Block: Other             |       |    10 |     9 ||    19
       Reflection        |       |     2 |       ||     2
